 Dungeon Crawl Stone Soup version 0.23.2-1-ga50397a (webtiles) character file.

Game seed: 2881792605631962512

33 Gazerockf the Firebug (level 3, -3/26 HPs)
             Began as a Hill Orc Fire Elementalist on May 28, 2019.
             Slain by Sigmund
             ... wielding a +0 scythe
              (13 damage)
             ... on level 2 of the Dungeon.
             The game lasted 00:05:06 (1388 turns).

Gazerockf the Firebug (Hill Orc Fire Elementalist)  Turns: 1388, Time: 00:05:07

Health: -3/26      AC:  2    Str: 10    XL:     3   Next: 29%
Magic:  3/6        EV: 12    Int: 16    God:
Gold:   68         SH:  0    Dex: 11    Spells: 3/6 levels left

rFire    . . .     SeeInvis .   e - +1 mace (protect)
rCold    . . .     Gourm    .   (no shield)
rNeg     . . .     Faith    .   a - +0 robe
rPois    .         Spirit   .   (no helmet)
rElec    .         Reflect  .   (no cloak)
rCorr    .         Harm     .   (no gloves)
MR       .....                  (no boots)
Stlth    ++........             (no amulet)
HPRegen  0.08/turn              (no ring)
MPRegen  0.10/turn              (no ring)

@: no status effects
A: no striking features
a: no special abilities


You were on level 2 of the Dungeon.
You were hungry.

You visited 1 branch of the dungeon, and saw 2 of its levels.

You collected 68 gold pieces.

Inventory:

Hand Weapons
 e - a +1 mace of protection (weapon)
 h - a +0 short sword of electrocution
Armour
 a - a +0 robe (worn)
Scrolls
 i - 2 scrolls of identify {unknown}
 l - a scroll of immolation {unknown}
Potions
 b - 2 potions of cancellation {unknown}
 f - a potion of curing {unknown}
 g - a potion of brilliance {unknown}
 j - 2 potions of magic {unknown}
 k - a potion of might {unknown}
Comestibles
 c - 4 rations


   Skills:
 - Level 1.5 Dodging
 - Level 1.5 Stealth
 + Level 2.2 Spellcasting
 - Level 1.0 Conjurations
 + Level 4.1 Fire Magic


You had 3 spell levels left.
You knew the following spells:

 Your Spells              Type           Power        Failure   Level  Hunger
a - Flame Tongue          Conj/Fire      #....        7%          1    #......
b - Throw Flame           Conj/Fire      #.....       11%         2    ###....

Your spell library contained the following spells:

 Spells                   Type           Power        Failure   Level  Hunger
 Conjure Flame            Conj/Fire      #.......     22%         3    ###....
 Inner Flame              Hex/Fire       #.......     26%         3    ###....
 Sticky Flame             Conj/Fire      #.......     56%         4    #####..
 Fireball                 Conj/Fire      #.........   89%         5    ######.


Dungeon Overview and Level Annotations

Branches:
Dungeon (2/15)

Altars:

Annotations:
D:2 Sigmund


Message History

A frilled lizard comes into view.
The bat hits you but does no damage. The bat barely misses you.
The bat hits you but does no damage. The bat hits you but does no damage.
You hit the bat but do no damage.
Your weapon exudes an aura of protection.
The bat misses you. The bat barely misses you. The bat closely misses you.
A giant cockroach comes into view.
Okay, then.
The bat misses you.
You closely miss the bat. The bat closely misses you. Something hits you!
You barely miss the bat. The bat hits you. Something hits you!
As you read the scroll labeled SOPRELI EFIDUF, it crumbles to dust.
The scroll dissolves into smoke.
It was a scroll of fog.
The bat barely misses you. Something hits you!
Ouch! That really hurt!
You die...

. #.........#
..#.........#
..#.........#
............#
w.#.........# .
#.....#.###
#.....##.####
#......##.#.####
#.......##.##ยง@#
#.############b#
#w#<.....# #{#
#...####.# #s#
###.# #g#
#.##########K#
#...w......#.##
##########....#
##...#


You could see a bat.

Vanquished Creatures
  2 dart slugs (D:1)
  6 bats (D:1)
  2 giant cockroaches (D:1)
  4 goblins
  4 hobgoblins (D:1)
  3 kobolds (D:1)
  A ball python (D:1)
  4 frilled lizards
  5 rats (D:1)
31 creatures vanquished.

Notes
Turn   | Place    | Note
-------+----------+-------------------------------------------
     0 | D:1      | Gazerockf the Hill Orc Fire Elementalist began the quest
                  | for the Orb.
     0 | D:1      | Reached XP level 1. HP: 14/14 MP: 3/3
    83 | D:1      | Reached XP level 2. HP: 16/20 MP: 0/4
   261 | D:1      | Learned a level 2 spell: Throw Flame
   644 | D:1      | Reached XP level 3. HP: 26/26 MP: 1/6
   697 | D:1      | Reached skill level 4 in Fire Magic
  1372 | D:2      | Noticed Sigmund
  1388 | D:2      | Slain by Sigmund

Skill      XL: |  1  2  3 |
---------------+----------+-----
Spellcasting   | 2 |  2.2
Fire Magic     | 4 |  4.1
Dodging        | |  1.5
Stealth        | |  1.5
Conjurations   | |  1.0

Action                   || total
-------------------------++-------
Melee: Unarmed           ||    12
       Mace              ||    28
 Cast: Flame Tongue      ||    13
       Throw Flame       ||    25
  Use: Scroll            ||     1
  Eat: Chunk             ||     3
Armor: Robe              ||    39
Dodge: Dodged            ||    81
